 Dungeon Crawl Stone Soup version 0.30-a0-715-gdb4ae3ece1 (webtiles) character file.

Game seed: 5152309715482987518

5435 demibob the Severer (level 10, -2/75 (77) HPs)
             Began as a Hill Orc Fighter on Jan 24, 2023.
             Was a Priest of Makhleb.
             Slain by a death yak (21 damage)
             ... on level 8 of the Dungeon.
             The game lasted 00:13:12 (8816 turns).

demibob the Severer (Hill Orc Fighter)              Turns: 8816, Time: 00:13:12

HP:   -2/75 (77)    AC: 13    Str: 24    XL:     10   Next: 68%
MP:   10/10         EV:  9    Int:  8    God:    Makhleb [***...]
Gold: 470           SH:  0    Dex: 10    Spells: 9/9 levels left

rFire   . . .      SeeInvis .    a - +0 war axe (flame)
rCold   . . .      Faith    .    (no shield)
rNeg    . . .      Spirit   .    p - +1 scale mail {Will+}
rPois   .          Reflect  .    i - +1 helmet
rElec   .          Harm     .    c - +0 cloak
rCorr   .          Rampage  .    j - +0 pair of gloves
Will    +....                    e - +0 pair of boots Stlth
                                 (no amulet)
HPRegen 0.32/turn                (no ring)
MPRegen 0.12/turn                (no ring)

@: mighty, lightly drained
A: no striking features
a: Renounce Religion, Minor Destruction, Lesser Servant of Makhleb


You were on level 8 of the Dungeon.
You worshipped Makhleb.
Makhleb was most pleased with you.
You visited 2 branches of the dungeon, and saw 10 of its levels.
You also visited: Bailey.

You collected 470 gold pieces.


   Skills:
 - Level 3.6 Fighting
 + Level 19.5 Axes
 - Level 3.2 Armour
 - Level 3.2 Shields


You had 9 spell levels left.
You didn't know any spells.
Your spell library contained the following spells:

 Spells                   Type           Power      Damage    Failure   Level
 Blink                    Tloc           0%         N/A       85%         2
 Cigotuvi's Dreadful Rot  Necr/Pois/Air  0%         N/A       85%         2
 Lesser Beckoning         Tloc           0%         N/A       85%         2
 Momentum Strike          Conj/Tloc      0%         3d8       85%         2
 Poisonous Vapours        Pois/Air       0%         N/A       85%         2
 Dazzling Flash           Conj/Hex       0%         N/A       97%         3
 Kindle Blastsparks       Fire/Tloc/Air  0%         2d10      97%         3
 Mephitic Cloud           Conj/Pois/Air  0%         N/A       97%         3
 Animate Dead             Necr           0%         N/A       100%        4
 Fulminant Prism          Conj/Hex       0%         3d5       100%        4
 Iskenderun's Mystic Bla  Conj/Tloc      0%         2d3       100%        4
 Agony                    Necr           0%         N/A       100%        5
 Iskenderun's Battlesphe  Conj           0%         2d6       100%        5
 Lee's Rapid Deconstruct  Erth           0%         3d4*      100%        5
 Silence                  Hex/Air        0%         N/A       100%        5
 Iron Shot                Conj/Erth      0%         9d1       100%        6
 Starburst                Conj/Fire      0%         6d3       100%        6
 Haunt                    Necr/Summ      0%         N/A       100%        7
 Spellforged Servitor     Conj/Summ      0%         N/A       100%        7
 Infestation              Necr           0%         N/A       100%        8

Inventory:

Hand Weapons
 a - a +0 war axe of flaming (weapon)
 g - a +1 battleaxe
 z - a +2 heavy battleaxe
Armour
 c - a +0 cloak (worn)
 e - a +0 pair of boots (worn)
 i - a +1 helmet (worn)
 j - a +0 pair of gloves (worn)
 p - a +1 scale mail of willpower (worn)
Jewellery
 M - a ring of magical power
Wands
 m - a wand of digging (6)
 r - a wand of paralysis (7)
 w - a wand of mindburst (18)
 B - a wand of iceblast (7)
 C - a wand of polymorph (12)
Scrolls
 o - 2 scrolls of amnesia
 x - 2 scrolls of summoning
 y - a scroll of fear
 A - a scroll of blinking
 D - a scroll of fog
Potions
 b - 3 potions of brilliance
 d - 3 potions of might
 f - 3 potions of curing {@q1}
 h - 4 potions of flight
 k - a potion of resistance
 l - 3 potions of magic
 n - 3 potions of cancellation
 q - a potion of heal wounds {@q2}
 s - 5 potions of haste {@q3}
 t - 2 potions of lignification
 u - 5 potions of invisibility

Dungeon Overview and Level Annotations

Branches:
Dungeon (9/15)             Temple (1/1) D:4            Lair (0/5) D:9
 Bailey (visited)
    Orc: D:9-12

Altars:
Ashenzari
Cheibriados
Elyvilon
Fedhas
Gozag
Hepliaklqana
Kikubaaqudgha
Makhleb
Nemelex Xobeh
Okawaru
Qazlal
Ru
Sif Muna
Trog
Uskayaw
Vehumet
Xom
Yredelemnul
Zin
Beogh

Shops:
D:2 [   D:6 (*

Annotations:
D:5 3 runed translucent doors, kd29's ghost, novice DsTm
D:6 exclusion: statue
D:8 3 runed translucent doors, Loveship's ghost, novice DsBe

##...#####...........####...
#.##...........#####.# ###.
######.........## #.# ##
#..####........# #.# #
###..##.<......# #.#######
###..#.......# ##....#...
##.........## ##.........
##.....Y...###..........
#....†@.......#...####.
##..##Y......#####..##..
##..####......## ##.....
###..## ##[......# ##....
##...## ##...###..# ##...
#...#####.(..# ##.## ##..
#..####...)..## ##.## ##.
##..#...##(...####..# ###.
#.##..#####...##....#####...


You could see 2 death yaks.


Message History

Aiming: Iceblast
Press: ? - help, Shift-Dir - straight line, f/p - death yak
Aim: a death yak (moderately wounded)
The mass of ice explodes!
The iceblast engulfs the death yak!
The death yak is heavily wounded.
The iceblast engulfs the death yak!
The death yak is severely wounded.
The bullfrog hits you but does no damage.
The bullfrog hits you but does no damage. x2
The death yak gores you!!
* * * LOW HITPOINT WARNING * * *
The death yak gores you but does no damage.
You climb upwards.
Level annotation: 3 runed translucent doors, Loveship's ghost, novice DsBe
There is a stone staircase leading down here.
You hit the death yak. You burn the death yak.
The death yak is heavily wounded.
You slash the bullfrog! You burn the bullfrog. You slash the death yak!
You burn the death yak.
The bullfrog hits you but does no damage.
You hit the death yak. You burn the death yak.
The death yak is heavily wounded.
You slash the bullfrog! You burn the bullfrog.
You kill the bullfrog!
Makhleb accepts your kill.
You feel better.
You hit the death yak. You burn the death yak. The death yak gores you!
* * * LOW HITPOINT WARNING * * *
The death yak gores you!!
You die...

Skill      XL: |  1  2  3  4  5  6  7  8  9 10 |
---------------+-------------------------------+-----
Axes           | 3 4 5 6 8 9 11 14 17 19 | 19.5
Fighting       | |  3.6
Armour         | |  3.2
Shields        | |  3.2

Action                     |  1- 3 |  4- 6 |  7- 9 | 10-12 || total
---------------------------+-------+-------+-------+-------++-------
  Melee: War axe           |    90 |   129 |   207 |   188 ||   614
         Punch             |     1 |       |     7 |     1 ||     9
  Evoke: Wand              |       |       |       |     5 ||     5
    Use: Scroll            |     1 |    12 |     4 |     9 ||    26
         Potion            |       |       |     2 |     7 ||     9
 Armour: Scale mail        |    54 |    56 |    92 |    83 ||   285
  Dodge: Dodged            |    55 |    62 |    69 |    69 ||   255

Levels and vault maps discovered:
D:1:      dpeg_arrival_tiny_a, layout_rooms, minmay_misc_feat_iff
D:2:      layout_rooms, serial_shops, nicolae_shop_trees,
          serial_co_window_serial, co_window_paths_b, co_window_paths_a,
          co_window_paths_b, co_window_paths_b, co_window_paths_a,
          co_window_of_opportunity_a, co_window_cross_3, co_window_corner_ca,
          co_window_unsneaky_path_c, co_window_corner_b, co_window_4corner_a,
          co_window_paths_d, glass_columns_b, glass_columns_c, glass_columns_b,
          glass_columns_c, glass_columns_b, chequers_mini_garden
D:3:      wad_crossroads, layout_basic, lemuel_doored_altar, elyvilon_altar_4,
          cheibrodos_sewer_entry_bend
D:4:      layout_cave_pods, dancing_weapons_uskayaw, minmay_temple_entry_ruins
D:5:      layout_basic, mainiacjoe_overflow_brackets,
          gammafunk_ghost_necromancy, uniq_menkaure, uniq_eustachio, uniq_pikel,
          uniq_prince_ribbit1
D:6:      layout_loops_ring, mainiacjoe_overflow_catwalk, vehumet_statue,
          serial_shops, nicolae_diamond_shop, nicolae_shop_fire_sale
          [nicolae_sub_dead_trees], minmay_three_doors, uniq_duvessa,
          uniq_maggie
D:7:      layout_loops_ring, enter_bailey_3, grunt_decor_clamped
D:8:      layout_layer_cave, tgw_sif, doesnt_xom_only_xom,
          biasface_ghost_orc_armoury, minivault_26, minmay_circle_x
D:9:      layout_irregular_city, kennysheep_mini_moat,
          nicolae_wu_jian_wuxing_cycle, dpeg_lair_monsters, serial_ice,
          serial_ice_n, serial_ice_o, serial_ice_h, serial_ice_k
Temple:   hellmonk_temple_of_storms

Notes
Turn   | Place    | Note
-------+----------+-------------------------------------------
     0 | D:1      | demibob the Hill Orc Fighter began the quest for the Orb.
     0 | D:1      | Reached XP level 1. HP: 19/19 MP: 1/1
    41 | D:1      | Reached skill level 3 in Axes
   147 | D:1      | Reached XP level 2. HP: 17/26 MP: 2/2
   230 | D:1      | Reached skill level 4 in Axes
   384 | D:1      | Reached XP level 3. HP: 29/31 MP: 3/3
   696 | D:2      | Reached skill level 5 in Axes
   992 | D:2      | Found Anov Ziaq's Armour Emporium.
  1037 | D:2      | Reached XP level 4. HP: 39/39 MP: 4/4
  1426 | D:2      | Reached skill level 6 in Axes
  1530 | D:2      | Identified a potion of resistance
  1683 | D:3      | Found a white marble altar of Elyvilon.
  1748 | D:3      | Found a snail-covered altar of Cheibriados.
  2113 | D:3      | Reached XP level 5. HP: 45/45 MP: 5/5
  2527 | D:4      | Reached skill level 7 in Axes
  2631 | D:4      | Noticed a +0 dagger
  2632 | D:4      | Noticed a +0 dagger
  2636 | D:4      | Found a hide-covered altar of Uskayaw.
  2666 | D:4      | Found a staircase to the Ecumenical Temple.
  2688 | Temple   | Entered the Ecumenical Temple
  2736 | Temple   | Became a worshipper of Makhleb the Destroyer
  3093 | D:4      | Identified the +7 leather armour of Xierea {Dex+3}
  3372 | D:5      | Entered Level 5 of the Dungeon
  3387 | D:5      | Noticed Menkaure
  3475 | D:5      | Killed Menkaure
  3476 | D:5      | Reached skill level 8 in Axes
  3476 | D:5      | Reached XP level 6. HP: 15/51 MP: 6/6
  3703 | D:5      | Noticed Eustachio
  3717 | D:5      | Killed Eustachio
  3718 | D:5      | Reached skill level 9 in Axes
  3718 | D:5      | Reached XP level 7. HP: 50/57 MP: 7/7
  3791 | D:5      | Reached skill level 10 in Axes
  3935 | D:5      | Noticed Prince Ribbit
  3975 | D:5      | Killed Prince Ribbit
  3976 | D:5      | Reached skill level 11 in Axes
  4101 | D:5      | Reached XP level 8. HP: 64/64 MP: 8/8
  4147 | D:5      | Found a glowing silver altar of Zin.
  4352 | D:5      | Reached skill level 12 in Axes
  4424 | D:5      | Found a runed translucent gate.
  4424 | D:5      | Found a runed translucent gate.
  4424 | D:5      | Found a runed translucent gate.
  4425 | D:5      | Noticed kd29's ghost (novice DsTm)
  4518 | D:5      | Noticed Pikel
  4563 | D:5      | Killed Pikel
  4564 | D:5      | Reached skill level 13 in Axes
  4800 | D:6      | Noticed Maggie
  4884 | D:6      | Reached * piety under Makhleb
  4885 | D:6      | Reached skill level 14 in Axes
  4927 | D:6      | Found Fasorem's Fire Supplies.
  4943 | D:6      | Noticed Duvessa
  4953 | D:6      | Noticed Dowan
  4956 | D:6      | Reached XP level 9. HP: 41/70 MP: 9/9
  4959 | D:6      | Killed Duvessa
  4976 | D:6      | Reached skill level 15 in Axes
  4990 | D:6      | Killed Dowan
  5158 | D:6      | Killed Maggie
  5159 | D:6      | Reached skill level 16 in Axes
  5303 | D:6      | Found Reher's Antique Weapon Shop.
  5367 | D:6      | Found a basalt altar of Yredelemnul.
  5400 | D:6      | Found a radiant altar of Vehumet.
  5675 | D:6      | Reached skill level 17 in Axes
  5687 | D:6      | Reached XP level 10. HP: 62/77 MP: 10/10
  5962 | D:7      | Found a flagged portal.
  5963 | D:7      | Reached ** piety under Makhleb
  5976 | Bailey   | Entered a bailey
  6081 | Bailey   | Reached skill level 18 in Axes
  7092 | D:8      | Found a runed translucent gate.
  7093 | D:8      | Found a runed translucent gate.
  7094 | D:8      | Found a runed translucent gate.
  7095 | D:8      | Noticed Loveship's ghost (novice DsBe)
  7134 | D:8      | Reached skill level 19 in Axes
  7239 | D:8      | Reached *** piety under Makhleb
  7639 | D:8      | Found a roughly hewn altar of Beogh.
  7847 | D:8      | Found a white marble altar of Elyvilon.
  7850 | D:8      | Found a basalt altar of Yredelemnul.
  7850 | D:8      | Found a hide-covered altar of Uskayaw.
  7862 | D:8      | Found a sparkling altar of Nemelex Xobeh.
  7862 | D:8      | Found a sparkling altar of Nemelex Xobeh.
  7862 | D:8      | Found a shimmering altar of Xom.
  8601 | D:8      | Found a shimmering blue altar of Sif Muna.
  8786 | D:9      | Noticed a death yak
  8786 | D:9      | Noticed a death yak
  8789 | D:9      | Found a staircase to the Lair.
  8789 | D:9      | Noticed a death yak
  8789 | D:9      | Noticed a death yak
  8792 | D:9      | Noticed a death yak
  8793 | D:9      | Noticed a death yak
  8816 | D:8      | Slain by a death yak

Vanquished Creatures
  Pikel (D:5)
  Maggie (D:6)
  Prince Ribbit (D:5)
  A shadow (D:6)
  A wyvern (D:8)
  Eustachio (D:5)
  4 yaks (D:8)
  A steam dragon (D:6)
  Menkaure (D:5)
  An acid dragon (D:6)
  A water moccasin (D:6)
  Duvessa (D:6)
  3 ice beasts
  An orc warrior (Bailey)
  2 sky beasts
  A black bear (D:6)
  A centaur (D:5)
  An ogre (D:5)
  A lemure (D:5)
  2 phantoms (D:6)
  4 kobold brigands (D:8)
  A necrophage (D:6)
  4 bullfrogs
  A scorpion (D:6)
  4 wights (D:8)
  Dowan (D:6)
  4 killer bees (D:7)
  3 howler monkeys
  3 jellies
  A hound (D:6)
  2 orc priests
  5 iguanas
  4 orc wizards
  8 adders
  14 gnolls
  A shadow imp (D:8)
  2 white imps
  An ufetubus (D:7)
  4 worms
  3 dart slugs
  41 orcs
  6 ball pythons
  3 endoplasms
  4 giant cockroaches
  9 goblins
  4 hobgoblins
  4 quokkas
  7 bats
  6 frilled lizards
  15 kobolds
  3 rats (D:2)
199 creatures vanquished.

Table legend: (Time is in decaauts)
 A = Elapsed time spent in this place.
 B = Non-inter-level travel time spent in this place.
 C = Inter-level travel time spent in this place.
 D = Time resting spent in this place.
 E = Time spent auto-exploring this place.
 F = Levels seen in this place.
 G = Mean time per level.
                   A        B        C        D        E       F      G
               +--------+--------+--------+--------+--------+-----+--------+
         Total |   8762 |   8445 |    317 |    682 |   6227 |  11 |  796.5 |
       Dungeon |   8313 |   8011 |    302 |    682 |   5967 |   9 |  923.7 |
        Temple |     63 |     48 |     15 |      0 |     14 |   1 |   63.0 |
        Bailey |    385 |    385 |      0 |      0 |    246 |   1 |  385.0 |
               +--------+--------+--------+--------+--------+-----+--------+

Top non-repeatable levels by time:
     D:8: 1680 daAuts
     D:5: 1406 daAuts
     D:6: 1032 daAuts
     D:3: 970 daAuts
     D:2: 936 daAuts
     D:4: 855 daAuts
     D:7: 725 daAuts
     D:1: 660 daAuts
  Bailey: 385 daAuts
  Temple: 63 daAuts
     D:9: 45 daAuts

Table legend:
 A = Non-vault XP
 B = Vault XP
 C = Vault XP percentage of total XP
 D = Non-vault monster count
 E = Vault monster count
 F = Vault count percentage of total count
                 A         B        C        D         E       F
            +---------+---------+-------+---------+---------+-------
      Total |    4424 |    3438 |  43.7 |     147 |      51 |  25.8
            +---------+---------+-------+---------+---------+-------
        D:1 |      36 |       0 |   0.0 |      21 |       0 |   0.0
        D:2 |      79 |       0 |   0.0 |      20 |       0 |   0.0
        D:3 |      58 |      17 |  22.7 |      18 |       6 |  25.0
        D:4 |      37 |       0 |   0.0 |      11 |       0 |   0.0
        D:5 |     595 |    1294 |  68.5 |      17 |       4 |  19.0
        D:6 |    1498 |    1122 |  42.8 |      21 |       6 |  22.2
        D:7 |     600 |       8 |   1.3 |      15 |       4 |  21.1
        D:8 |    1521 |     674 |  30.7 |      24 |       7 |  22.6
     Bailey |       0 |     323 | 100.0 |       0 |      24 | 100.0
            +---------+---------+-------+---------+---------+-------
